 Dungeon Crawl Stone Soup version 0.29-a0-1047-g7c58e119a4 (webtiles) character file.

Game seed: 11806580833453008178

7780 drugrobin the Cleaver (level 10, -5/96 HPs)
             Began as a Demigod Delver on Aug 17, 2022.
             Slain by Maurice
             ... wielding a +0 mace
              (17 damage)
             ... on level 9 of the Dungeon.
             The game lasted 00:21:37 (7602 turns).

drugrobin the Cleaver (Demigod Delver)              Turns: 7602, Time: 00:21:37

Health: -5/96      AC: 13    Str: 31    XL:     10   Next: 70%
Magic:  13/13      EV:  9    Int: 12    God:
Gold:   813        SH:  5    Dex: 15    Spells: 9/9 levels left

rFire   + . .      SeeInvis .   a - +0 war axe
rCold   + . .      Faith    .   l - +2 buckler
rNeg    . . .      Spirit   .   H - +0 chain mail {rPois}
rPois   +          Reflect  .   (no helmet)
rElec   .          Harm     .   D - scarf {rC+ rF+}
rCorr   .          Rampage  .   p - +0 pair of gloves
Will    +....                   (no boots)
Stlth   ..........              w - amulet of regeneration
HPRegen 1.06/turn               j - +4 ring of protection
MPRegen 0.13/turn               J - +6 ring of strength

@: no status effects
A: high MP 1, forlorn, divine attributes
a: no special abilities


You were on level 9 of the Dungeon.
You visited 1 branch of the dungeon, and saw 9 of its levels.

You collected 813 gold pieces.

Inventory:

Hand Weapons
 a - a +0 war axe (weapon)
 b - the +4 sling of Ashenzari's Hatred {venom, +Blink rN+ rCorr Dex-5}
   (You found it on level 3 of the Dungeon)

   Any ammunition fired from it poisons the flesh of those it strikes.
   Dex:       It affects your dexterity (-5).
   rN:        It protects you from negative energy.
   +Blink:    It lets you blink.
   rCorr:     It protects you from acid and corrosion.
 K - a +0 dagger of venom
 L - a +0 hand axe
Missiles
 m - 6 javelins (quivered)
 t - 4 throwing nets
 A - 21 poisoned darts
Armour
 l - a +2 buckler (worn)
 p - a +0 pair of gloves (worn)
 D - a scarf of resistance (worn)
 H - a +0 chain mail of poison resistance (worn)
 O - a +4 ring mail
 P - a +2 robe of willpower
Jewellery
 j - a +4 ring of protection (left hand)
 w - an amulet of regeneration (around neck)
 J - a +6 ring of strength (right hand)
 T - a ring of willpower
Wands
 g - a wand of digging (2)
Scrolls
 c - 2 scrolls of fog
 d - a scroll of magic mapping
 e - 2 scrolls of fear
 h - 18 scrolls of identify {unknown}
 k - 2 scrolls of enchant armour {unknown}
 s - 2 scrolls of summoning {unknown}
 u - a scroll of silence {unknown}
 v - a scroll of acquirement {unknown}
 x - a scroll of immolation {unknown}
 y - 6 scrolls of teleportation {unknown}
 C - a scroll of noise {unknown}
 G - a scroll of poison {unknown}
 I - a scroll of torment {unknown}
 N - 7 scrolls of vulnerability {unknown}
Potions
 f - a potion of haste
 i - 2 potions of curing
 n - 3 potions of heal wounds {unknown}
 o - 3 potions of might {unknown}
 q - a potion of degeneration {unknown}
 r - 5 potions of brilliance {unknown}
 B - 3 potions of mutation {unknown}
 E - 2 potions of flight {unknown}
 F - a potion of lignification {unknown}
 M - 2 potions of resistance
 Q - 2 potions of magic {unknown}
 R - a potion of cancellation {unknown}
 S - a potion of ambrosia {unknown}
 U - a potion of berserk rage {unknown}


   Skills:
 + Level 11.2 Fighting
 + Level 11.4 Axes
 - Level 1.7 Dodging
 - Level 4.5 Stealth


You had 9 spell levels left.
You didn't know any spells.
Your spell library contained the following spells:

 Spells                   Type           Power      Damage    Failure   Level
 Magic Dart               Conj           0%         1d3       94%         1
 Call Imp                 Summ           0%         N/A       98%         2
 Static Discharge         Conj/Air       0%         3-3/arc   98%         2
 Dazzling Flash           Conj/Hex       0%         N/A       100%        3
 Gell's Gravitas          Tloc           0%         N/A       100%        3
 Ignite Poison            Fire/Tmut/Pois 0%         N/A       100%        3
 Mephitic Cloud           Conj/Pois/Air  0%         N/A       100%        3
 Teleport Other           Tloc           0%         N/A       100%        3
 Dispel Undead            Necr           0%         3d6       100%        4
 Sticky Flame             Conj/Fire      0%         2d3       100%        4
 Agony                    Necr           0%         N/A       100%        5
 Freezing Cloud           Conj/Ice/Air   0%         6-21      100%        5
 Silence                  Hex/Air        0%         N/A       100%        5
 Dispersal                Tloc           0%         N/A       100%        6


Dungeon Overview and Level Annotations

Branches:
Dungeon (9/15)             Temple (0/1) D:7            Lair (0/5) D:8
    Orc: D:9-12

Shops:
D:1 =

Annotations:
D:9 1 runed translucent door, Maurice; Valamore's ghost, novice FoFi


Innate Abilities, Weirdness & Mutations

You have an increased reservoir of magic. (+10% MP)
You shall have no god before yourself.
Your divine heritage dramatically boosts your attributes as you level up.


Message History

Aiming: Dig
Press: ? - help, Shift-Dir - straight line A rock wall.
The rock shatters into small pieces.
Maurice the Thief comes into view.
He is wielding a +0 shortbow.
Maurice shoots an arrow.
The arrow hits you!
Found a crystal war axe.
Maurice mumbles some strange words.
Maurice flickers and vanishes!
Deactivating autopickup; reactivate with Ctrl-A.
Unknown command.
Unknown command.
Okay, then.
Okay, then.
Something hits you but does no damage.
You barely miss something. You barely miss something.
You hit the two-headed ogre.
The two-headed ogre hits you with a +0 giant club!
The two-headed ogre hits you with a +0 giant spiked club.
Unknown command.
You closely miss something. You hit the two-headed ogre.
You block something's attack.
Unknown command.
You closely miss something. You hit the two-headed ogre.
Something hits you but does no damage.
The two-headed ogre hits you with a +0 giant club!
The two-headed ogre barely misses you.
Unknown command.
You closely miss something. You slash the two-headed ogre! Something hits you!
Something steals your +6 ring of dexterity!
The two-headed ogre hits you with a +0 giant club!!
The two-headed ogre hits you with a +0 giant spiked club!!
* * * LOW HITPOINT WARNING * * *
Unknown command.
Unknown command.
Unknown command.
You hit something but do no damage.
You hit the two-headed ogre but do no damage.
Something hits you!
You die...

*,*#.##.....###..#..####
*,* ##......##)..)# *,*
#......))...(### *,*
#.......##.).#.# *,**
#.......##.#..## *,,*
#.......##.....## **,*
##########...)#.##
**,**** ###** ##{##)##.#
,,,,,,*
#...####@.##..###
**,**,* #......O#.##O#
**,**,**#...##.##.##.#
**,,,,,,),,**#.##.##.#
*****,****** #.......#
*****,* #########
,,,,,,* *******


You could see a two-headed ogre.

Vanquished Creatures
  Harold (D:9)
  Joseph (D:9)
  A hornet (D:9)
  A slime creature (D:7)
  A shadow (D:6)
  A wyvern (D:8)
  2 wraiths (D:7)
  9 yaks
  A steam dragon (D:8)
  An acid dragon (D:7)
  3 wargs (D:8)
  5 water moccasins
  Duvessa (D:6)
  An ice beast (D:6)
  A black bear (D:6)
  3 orc warriors
  A sky beast (D:6)
  8 centaurs
  A phantom (D:5)
  A necrophage (D:7)
  A kobold brigand (D:8)
  3 gnoll sergeants
  4 scorpions
  7 bullfrogs
  Dowan (D:6)
  A wight (D:9)
  A killer bee (D:9)
  2 howler monkeys
  A gnoll bouda (D:9)
  6 hounds
  A jelly (D:4)
  6 orc priests
  9 orc wizards
  12 gnolls
  8 adders
  A shadow imp (D:7)
  A worm (D:2)
  2 dart slugs
  21 orcs
  6 ball pythons
  3 bats (D:1)
  8 endoplasms
  4 giant cockroaches
  8 goblins
  5 hobgoblins
  A jackal (D:4)
  10 kobolds
  4 quokkas
  9 frilled lizards
  4 rats
194 creatures vanquished.

Vanquished Creatures (others)
  6 plants
6 creatures vanquished.

Grand Total: 200 creatures vanquished

Notes
Turn   | Place    | Note
-------+----------+-------------------------------------------
     0 | D:5      | drugrobin the Demigod Delver began the quest for the Orb.
     0 | D:5      | Reached XP level 1. HP: 18/18 MP: 3/3
   354 | D:3      | Reached XP level 2. HP: 22/25 MP: 4/4
   788 | D:1      | Found Vishiga's Jewellery Emporium.
  1103 | D:1      | Reached XP level 3. HP: 30/30 MP: 5/5
  2144 | D:3      | Identified the +4 sling of Ashenzari's Hatred {venom,
                  | +Blink rN+ rCorr Dex-5}
  2605 | D:4      | Reached XP level 4. HP: 35/38 MP: 6/6
  2874 | D:4      | You fall into a shaft and drop 2 floors!
  2878 | D:6      | Noticed an ice beast
  2893 | D:6      | Killed an ice beast
  2894 | D:6      | Reached XP level 5. HP: 37/46 MP: 7/7
  2942 | D:6      | Reached skill level 5 in Axes
  2942 | D:6      | Reached XP level 6. HP: 53/53 MP: 8/8
  3016 | D:6      | Noticed a shadow
  3040 | D:6      | Killed a shadow
  3041 | D:6      | Reached skill level 5 in Fighting
  3231 | D:6      | Noticed a water moccasin
  3237 | D:6      | Reached XP level 7. HP: 60/61 MP: 9/9
  3702 | D:6      | Noticed Duvessa
  3702 | D:6      | Noticed Dowan
  3712 | D:6      | Killed Duvessa
  3713 | D:6      | Reached XP level 8. HP: 26/71 MP: 10/10
  3713 | D:6      | Killed Dowan
  3943 | D:7      | Found a staircase to the Ecumenical Temple.
  4011 | D:7      | Noticed a slime creature
  4038 | D:7      | Killed a slime creature
  4325 | D:7      | Reached XP level 9. HP: 23/81 MP: 11/11
  4638 | D:7      | Identified the +1 robe of Analysis {rF+ Str+2}
  6377 | D:8      | Found a staircase to the Lair.
  6404 | D:8      | Reached skill level 10 in Axes
  6860 | D:8      | Reached XP level 10. HP: 93/93 MP: 13/13
  7055 | D:9      | Noticed a two-headed ogre
  7058 | D:9      | Noticed Joseph
  7071 | D:8      | Reached skill level 10 in Fighting
  7211 | D:9      | Found a runed translucent door.
  7211 | D:9      | Noticed Valamore's ghost (novice FoFi)
  7212 | D:9      | Noticed a +2 rapier of chaos
  7442 | D:9      | Killed Joseph
  7525 | D:9      | Noticed Harold
  7548 | D:9      | Killed Harold
  7581 | D:9      | Noticed a two-headed ogre
  7594 | D:9      | Noticed Maurice
  7602 | D:9      | Slain by Maurice

Illustrated notes

Levels and vault maps discovered:
D:1:      beargit_arrival_diablo_church, layout_basic, serial_shops, shop,
          minmay_lizard_pond
D:2:      layout_basic, serial_bayou, serial_bayou_lagoon_b,
          serial_bayou_ford_a, serial_bayou_lake_a, serial_bayou_shore_b,
          chequers_mini_garden, guppyfry_early_lair_pool
D:3:      layout_loops_cross, cheibrodos_ashenzari_chains, lemuel_doored_altar
D:4:      layout_basic, nicolae_uskayaw_murder_on_the_dancefloor,
          grunt_qazlal_sundering, corexii_shack, minmay_pentomino_pile
D:5:      layout_rooms, lemuel_round_altar
D:6:      layout_loops_cross, nzn_wu_jian_contemplation, grunt_ministairs_1,
          st_stairs_11, minmay_misc_feat_encased, uniq_duvessa
D:7:      layout_cave_pods, zin_treasury, mainiacjoe_overflow_swirl,
          minmay_temple_entry_tees, minmay_the_grid_2x2
          [minmay_the_grid_dragon_a, minmay_the_grid_spikes,
          minmay_the_grid_diamond_grid, minmay_the_grid_prize_inner_circle]
D:8:      layout_loops_ring, amcnicky_altar_gilded, lemuel_round_altar,
          lemuel_coloured_pillars_altar, erik_lair_orcish_takeover
D:9:      minmay_s_stair_smasher, layout_loops_cross,
          kennysheep_okawaru_gauntlet, ebering_ghost_xom, enter_bailey_7,
          nicolae_figureground_pulse, uniq_joseph, uniq_harold, uniq_maurice

Skill      XL: |  1  2  3  4  5  6  7  8  9 10 |
---------------+-------------------------------+-----
Axes           | 2 3 4 5 7 8 10 11 | 11.4
Fighting       | 3 4 5 6 8 9 11 | 11.2
Dodging        | |  1.7
Stealth        | |  4.5

Action                   |  1- 3 |  4- 6 |  7- 9 | 10-12 || total
-------------------------+-------+-------+-------+-------++-------
Melee: Hand axe          |   121 |    86 |    32 |       ||   239
       Punch             |     1 |       |       |       ||     1
       Sling             |       |       |     1 |       ||     1
       War axe           |       |       |   180 |   113 ||   293
       Dagger            |       |       |       |     3 ||     3
 Fire: Sling             |    24 |    33 |   112 |    38 ||   207
Throw: Javelin           |       |     1 |     6 |       ||     7
Evoke: Wand              |       |       |       |     1 ||     1
  Use: Scroll            |       |       |       |     1 ||     1
 Stab: Sleeping          |     4 |       |       |       ||     4
Armor: Leather armour    |     6 |       |       |       ||     6
       Chain mail        |    76 |    55 |   153 |    75 ||   359
Dodge: Dodged            |    41 |    43 |   106 |    85 ||   275
Block: Buckler           |       |    20 |    85 |    40 ||   145

Table legend: (Time is in decaauts)
 A = Elapsed time spent in this place.
 B = Non-inter-level travel time spent in this place.
 C = Inter-level travel time spent in this place.
 D = Time resting spent in this place.
 E = Time spent auto-exploring this place.
 F = Levels seen in this place.
 G = Mean time per level.
                   A        B        C        D        E       F      G
               +--------+--------+--------+--------+--------+-----+--------+
         Total |   7821 |   7480 |    341 |    626 |   4779 |   9 |  869.0 |
       Dungeon |   7821 |   7480 |    341 |    626 |   4779 |   9 |  869.0 |
               +--------+--------+--------+--------+--------+-----+--------+

Top non-repeatable levels by time:
     D:7: 1382 daAuts
     D:8: 1119 daAuts
     D:6: 1090 daAuts
     D:3: 883 daAuts
     D:2: 817 daAuts
     D:1: 810 daAuts
     D:5: 636 daAuts
     D:4: 558 daAuts
     D:9: 522 daAuts
